 Dungeon Crawl Stone Soup version 0.29-a0-962-gc8bbfd0a37 (webtiles) character file.

Game seed: 11994083444029053742

50 Mesmaeker13 the Grave Robber (level 3, -1/24 HPs)
             Began as a Mummy Necromancer on July 30, 2022.
             Slain by a hobgoblin
             ... wielding a +0 rapier
              (6 damage)
             ... on level 2 of the Dungeon.
             The game lasted 00:04:18 (1526 turns).

Mesmaeker13 the Grave Robber (Mummy Necromancer)    Turns: 1526, Time: 00:04:18

Health: -1/24      AC:  3    Str: 11    XL:     3   Next: 55%
Magic:  8/8        EV: 12    Int: 16    God:
Gold:   68         SH:  0    Dex: 12    Spells: 8/9 levels left

rFire   x . .      SeeInvis .   e - +0 dagger
rCold   + . .      Faith    .   (no shield)
rNeg    + + +      Spirit   .   a - +0 robe
rPois   ∞          Reflect  .   (no helmet)
rElec   .          Harm     .   (no cloak)
rCorr   .          Rampage  .   (no gloves)
Will    .....                   f - +0 pair of boots
Stlth   ++........              c - amulet of regeneration
HPRegen 0.88/turn               (no ring)
MPRegen 0.11/turn               (no ring)

@: no status effects
A: cold resistance 1, negative energy resistance 3, torment resistance 2, heat
vulnerability 1, in touch with death 1, no potions
a: no special abilities


You were on level 2 of the Dungeon.
You visited 1 branch of the dungeon, and saw 2 of its levels.

You collected 68 gold pieces.

Inventory:

Hand Weapons
 e - a +0 dagger (weapon)
Missiles
 d - 2 poisoned darts
Armour
 a - a +0 robe (worn)
 f - a +0 pair of boots (worn)
Jewellery
 c - an amulet of regeneration (around neck)
Scrolls
 b - 2 scrolls of identify {unknown}
 g - 2 scrolls of enchant armour {unknown}


   Skills:
 + Level 2.2 Dodging
 - Level 1.5 Stealth
 + Level 3.6 Spellcasting
 + Level 4.4 Necromancy


You had 8 spell levels left.
You knew the following spells:

 Your Spells              Type           Power      Damage    Failure   Level
a - Necrotise             Necr           100%       1d9       2%          1

Your spell library contained the following spells:

 Spells                   Type           Power      Damage    Failure   Level
 Vampiric Draining        Necr           25%        2d7       9%          3
 Animate Dead             Necr           25%        N/A       28%         4
 Agony                    Necr           25%        N/A       61%         5
 Summon Hydra             Summ           1%         N/A       100%        7
 Sublimation of Blood     Necr           Unusable   N/A       N/A         2
 Wereblood                Tmut           Unusable   N/A       N/A         2

Dungeon Overview and Level Annotations

Branches:
Dungeon (2/15)

Altars:

Shops:
D:1 :


Innate Abilities, Weirdness & Mutations

You are immune to poison.
Your flesh is cold resistant. (rC+)
You are immune to negative energy. (rN+++)
You are immune to unholy pain and torment.
You are vulnerable to heat. (rF-)
You are in touch with the powers of death.
You do not drink.


Message History

Casting: Necrotise (safe; 2% risk of failure)
Confirm with . or Enter, or press ? or * to list all spells.
You can't see any susceptible monsters within range! (Use Z to cast anyway.)
Casting: Necrotise (safe; 2% risk of failure)
Confirm with . or Enter, or press ? or * to list all spells.
You can't see any susceptible monsters within range! (Use Z to cast anyway.)
You see here a giant cockroach corpse.
Your bat skeleton crumbles into dust!
You see here a fizzy grey potion.
You pick up a book of Blood and begin reading...
You add the spell Summon Hydra to your library.
You start waiting.
Done waiting.
Found 3 boomerangs.
Saving game... please wait.
Welcome back, Mesmaeker13 the Mummy Necromancer.
Press ? for a list of commands and other information.
Welcome back, Mesmaeker13 the Mummy Necromancer.
Press ? for a list of commands and other information.
A scorpion comes into view.
Unknown command. 2 hobgoblins and a worm come into view.
The hobgoblin closely misses you. The scorpion stings you.
The hobgoblin closely misses you.
You hit the scorpion but do no damage.
The scorpion stings you but does no damage.
The hobgoblin hits you but does no damage.
You hit the scorpion.
The scorpion is lightly wounded.
The scorpion misses you. The worm bites you. The hobgoblin closely misses you.
You hit the worm but do no damage.
The hobgoblin shouts!
The scorpion stings you.
The hobgoblin hits you with a +0 rapier!
* * * LOW HITPOINT WARNING * * *
You barely miss the worm.
The scorpion stings you but does no damage.
The worm bites you but does no damage.
The hobgoblin hits you with a +0 rapier.
You die...

#######........# ..
####..............# ...
..................# #...
###.............!#
#..#####..............#
.##.....#..............#
...g....#..............#
##...wg#.............†#
#....s@........#.####.#
#......(..............†.
........#####.##........
........# .##.#......
........# .##........
........# .........
##.###### .#....... #.
#...[... #.......


You could see a worm, a scorpion and 2 hobgoblins.

Vanquished Creatures
  An adder (D:2)
  2 dart slugs
  2 endoplasms (D:1)
  2 giant cockroaches
  2 hobgoblins (D:1)
  A jackal (D:1)
  2 kobolds
  2 quokkas (D:1)
  5 ball pythons (D:1)
  5 bats
  3 goblins
  6 rats
33 creatures vanquished.

Vanquished Creatures (collateral kills)
  A jackal (D:1)
  2 ball pythons (D:2)
  A bat (D:1)
  A frilled lizard (D:1)
  A kobold (D:1)
6 creatures vanquished.

Grand Total: 39 creatures vanquished

Notes
Turn   | Place    | Note
-------+----------+-------------------------------------------
     0 | D:1      | Mesmaeker13 the Mummy Necromancer began the quest for the
                  | Orb.
     0 | D:1      | Reached XP level 1. HP: 13/13 MP: 4/4
   432 | D:1      | Reached XP level 2. HP: 19/19 MP: 0/6
   521 | D:1      | Found Luesh's Vocational Training.
  1061 | D:1      | Gained mutation: You are in touch with the powers of death.
                  | [Mummy growth]
  1061 | D:1      | Reached XP level 3. HP: 23/24 MP: 4/7
  1520 | D:2      | Noticed a scorpion
  1526 | D:2      | Slain by a hobgoblin

Illustrated notes

Levels and vault maps discovered:
D:1:      dpeg_arrival_circle_labyrinth_c, layout_loops_ring,
          kennysheep_pointless_box, nicolae_shop_vocational
D:2:      layout_rooms, minmay_crystal_water, grunt_ministairs_15, uniq_jessica

Skill      XL: |  1  2 |
---------------+-------+-----
Spellcasting   | 3 |  3.6
Dodging        | 2 |  2.2
Stealth        | |  1.5
Necromancy     | |  4.4

Action                   || total
-------------------------++-------
Melee: Unarmed           ||     9
       Dagger            ||    22
 Cast: Necrotise         ||    48
Armor: Robe              ||    17
Dodge: Dodged            ||    23

Table legend: (Time is in decaauts)
 A = Elapsed time spent in this place.
 B = Non-inter-level travel time spent in this place.
 C = Inter-level travel time spent in this place.
 D = Time resting spent in this place.
 E = Time spent auto-exploring this place.
 F = Levels seen in this place.
 G = Mean time per level.
                   A        B        C        D        E       F      G
               +--------+--------+--------+--------+--------+-----+--------+
         Total |   1525 |   1468 |     57 |    103 |   1113 |   2 |  762.5 |
       Dungeon |   1525 |   1468 |     57 |    103 |   1113 |   2 |  762.5 |
               +--------+--------+--------+--------+--------+-----+--------+

Top non-repeatable levels by time:
     D:1: 1266 daAuts
     D:2: 258 daAuts
